[Event "Titled Tuesday Blitz August 15 Early 2023"]
[White "Papayan, Oleg"]
[Black "Timofeev, Artyom"]
[WhiteFideId "4193911"]
[BlackFideId "4140419"]
[WhiteElo "2611"]
[BlackElo "2824"]
[Result "0-1"]
[Round "5"]
[TimeControl "180+1"]
[Date "2023.08.15"]
[WhiteClock "0:00:01"]
[BlackClock "0:00:19"]
[Board "46"]

1. e4 e6 2. d4 d5 3. Nc3 dxe4 4. Nxe4 Nd7 5. Nf3 Ngf6 6. Nxf6+ Nxf6 7. Be3 Be7 8. Bd3 O-O 9. Qe2 c5 10. dxc5 Qc7 11. O-O Bxc5 12. c3 b6 13. Bxc5 Qxc5 14. Qe5 Qxe5 15. Nxe5 Bb7 16. Rfd1 Rfd8 17. Be2 Kf8 18. f3 Ke7 19. Kf2 Nd5 20. Bb5 Rac8 21. Rd2 f6 22. Ng4 Nc7 23. Bd3 h5 24. Ne3 g5 25. Rad1 f5 26. Bc4 Rxd2+ 27. Rxd2 Ne8 28. Bb3 Nd6 29. Re2 Kd7 30. Nc2 Bd5 31. Bxd5 exd5 32. Nd4 Re8 33. Rxe8 Kxe8 34. b3 Kd7 35. Ke3 f4+ 36. Kf2 a5 37. g3 fxg3+ 38. hxg3 Ke7 39. Ke3 Kf6 40. a3 Nf5+ 41. Nxf5 Kxf5 42. c4 dxc4 43. bxc4 h4 44. gxh4 gxh4 45. Kf2 Kf4 46. Kg2 a4 47. Kf2 h3 48. c5 bxc5 0-1


[Site "https://www.chess.com"]

[Event "Titled Tuesday Blitz August 15 Early 2023"]
[White "Salinas Herrera, Pablo"]
[Black "Ibadov, Dashgyn"]
[WhiteFideId "3407128"]
[BlackFideId "24107514"]
[WhiteElo "2823"]
[BlackElo "2609"]
[Result "1-0"]
[Round "5"]
[TimeControl "180+1"]
[Date "2023.08.15"]
[WhiteClock "0:00:07"]
[BlackClock "0:00:00"]
[Board "47"]

1. d4 Nf6 2. Nf3 d5 3. Bf4 c5 4. e3 Nc6 5. c3 Qb6 6. Qc2 g6 7. Nbd2 Bg7 8. Be2 O-O 9. O-O Bf5 10. Qb3 c4 11. Qa3 Qd8 12. b3 b5 13. bxc4 bxc4 14. Ne5 Nxe5 15. Bxe5 Ne4 16. Bxg7 Kxg7 17. Nxe4 Bxe4 18. f3 Bf5 19. g4 Bd7 20. Rab1 Qc7 21. f4 a5 22. Qxe7 Rae8 23. Qg5 Rxe3 24. Rf2 Rfe8 25. Bf1 Rxc3 26. Qxd5 Bxg4 27. Rb7 Rd8 28. Rxc7 Rxd5 29. Bxc4 Rxd4 30. Rxf7+ Kh6 31. Bb3 a4 32. Bc2 Rdc4 33. h3 Bh5 34. Bxg6 Bxg6 35. Ra7 Rc1+ 36. Kg2 R1c2 37. Ra5 Rxf2+ 38. Kxf2 Rxf4+ 39. Kg3 Rc4 40. h4 Bb1 41. a3 Rc3+ 42. Kg4 Rxa3 43. Ra6+ Kg7 44. Kg5 h6+ 45. Kf4 Bc2 46. Ra7+ Kg6 47. Kg4 Bd1+ 48. Kf4 Rc3 49. Ra5 a3 50. Ra6+ Kh5 51. Ra7 Kxh4 52. Ra6 h5 53. Ra5 Bg4 54. Ra4 Rb3 55. Ra5 Kh3 56. Kg5 h4 57. Ra4 Rg3 58. Kh6 Bd1 59. Ra5 Kg2 60. Ra4 h3 61. Rd4 h2 62. Rd2+ Kh3 63. Rxd1 Rg1 64. Rd3+ Kg4 65. Rxa3 h1=Q+ 66. Kg6 Kh4+ 67. Kf6 Qc6+ 68. Ke5 Rg5+ 69. Kf4 Qf6+ 70. Ke4 Rd5 71. Kxd5 Qf5+ 72. Kc4 Qe4+ 73. Kb5 Qb7+ 74. Kc4 Kg5 75. Ra5+ Kf4 76. Rd5 Ke4 77. Rd2 Qc6+ 78. Kb3 Ke3 79. Rc2 Qb5+ 80. Kc3 Qc5+ 81. Kb3 Qd5+ 82. Kb4 Kd3 83. Rc3+ Kd4 84. Rc2 Qb7+ 85. Ka3 Qb6 86. Rb2 Qa5+ 87. Kb3 Qb5+ 88. Ka3 Qa5+ 89. Kb3 Qc3+ 90. Ka2 Kc4 91. Kb1 Qe1+ 92. Ka2 Qd1 93. Rb1 Qc2+ 94. Rb2 Qa4+ 95. Kb1 Kc3 96. Rf2 Qb5+ 97. Kc1 1-0


[Site "https://www.chess.com"]

[Event "Titled Tuesday Blitz August 15 Early 2023"]
[White "Maksimovic, Bojan"]
[Black "Di Nicolantonio, Lucas"]
[WhiteFideId "14408120"]
[BlackFideId "680460"]
[WhiteElo "2821"]
[BlackElo "2587"]
[Result "0-1"]
[Round "5"]
[TimeControl "180+1"]
[Date "2023.08.15"]
[WhiteClock "0:00:00"]
[BlackClock "0:02:15"]
[Board "48"]

1. e4 c6 2. d4 d5 3. Nc3 dxe4 4. Nxe4 Nf6 5. Nxf6+ exf6 6. c3 Bd6 7. Bd3 O-O 8. Qc2 Re8+ 9. Ne2 h5 10. O-O h4 11. h3 Nd7 12. Bd2 Nf8 13. Rae1 Bc7 14. f4 Qd6 15. c4 b6 16. c5 bxc5 17. dxc5 Qd5 18. Qc4 Rd8 19. Qxd5 Rxd5 20. Be4 Rxd2 21. Bxc6 Rb8 22. b3 Ba6 0-1


[Site "https://www.chess.com"]

[Event "Titled Tuesday Blitz August 15 Early 2023"]
[White "MaryanKyrychenko"]
[Black "Klukin, Kirill"]
[BlackFideId "24199273"]
[WhiteElo "2561"]
[BlackElo "2817"]
[Result "1/2-1/2"]
[Round "5"]
[TimeControl "180+1"]
[Date "2023.08.15"]
[WhiteClock "0:00:13"]
[BlackClock "0:00:25"]
[Board "49"]

1. e4 c5 2. Nc3 g6 3. f4 Bg7 4. Nf3 Nc6 5. Bb5 Nd4 6. O-O a6 7. Bc4 e6 8. d3 Ne7 9. a3 O-O 10. e5 d6 11. exd6 Qxd6 12. Ne4 Qc7 13. c3 Nxf3+ 14. Qxf3 b5 15. Ba2 Bb7 16. Qf2 c4 17. Nc5 cxd3 18. Nxd3 Rfd8 19. Ne5 Nf5 20. Re1 Bf8 21. b4 h5 22. Bb2 Bd5 23. c4 bxc4 24. Rac1 a5 25. Bxc4 Qb7 26. bxa5 Rxa5 27. Bd3 Rc8 28. Bxf5 exf5 29. Rxc8 Qxc8 30. Rc1 Rc5 31. Rxc5 Bxc5 32. Bd4 Bxa3 33. h3 Qb7 34. Qh4 Be7 35. Qf2 Be4 36. Kh2 Qd5 37. Ba1 Bc5 38. Qb2 Qd1 39. Nf3 Kf8 40. Qb8+ Ke7 41. Qe5+ Kd7 42. Qxc5 Bxf3 43. Qb5+ Bc6 44. Qe5 Qc2 45. Qd4+ Kc8 46. Qg1 Qe4 47. Be5 h4 48. Qf2 Kd7 49. Qd4+ Kc8 50. Qxe4 Bxe4 51. Bf6 Kd7 52. Bxh4 Ke6 53. Bd8 Kd5 54. Bc7 Bd3 55. Be5 Ke4 56. g3 Be2 57. h4 Kf3 58. Bd6 Kg4 59. Bb8 Bc4 60. Bc7 Be6 61. Bb8 Kf3 62. Bc7 Ke4 63. Bb8 Kd5 64. Bc7 Bd7 65. Bb8 Ba4 66. Be5 Bd1 67. Bb8 Kc6 68. Be5 Kd7 69. Bb8 Ke6 70. Bc7 Bc2 71. Bb8 f6 72. Bc7 Kf7 73. Bb8 Kg7 74. Bc7 Kh6 75. Bd8 Kg7 76. Be7 Bd1 77. Bd8 Bg4 78. Bc7 Kf7 79. Ba5 Ke6 80. Bc3 Kf7 1/2-1/2


[Site "https://www.chess.com"]

[Event "Titled Tuesday Blitz August 15 Early 2023"]
[White "Putnam, Liam"]
[Black "Postlmayer, Jakob"]
[WhiteFideId "30938279"]
[BlackFideId "1643622"]
[WhiteElo "2816"]
[BlackElo "2561"]
[Result "1-0"]
[Round "5"]
[TimeControl "180+1"]
[Date "2023.08.15"]
[WhiteClock "0:00:42"]
[BlackClock "0:01:16"]
[Board "50"]

1. d4 Nf6 2. c4 g6 3. Nc3 Bg7 4. e4 d6 5. Nge2 O-O 6. Ng3 h5 7. Bg5 Nh7 8. Be3 h4 9. Nge2 Nc6 10. Qd2 e5 11. d5 Ne7 12. c5 f5 13. f3 f4 14. Bf2 g5 15. h3 Nf6 16. O-O-O Rf7 17. Kb1 Bf8 18. Nc1 Ng6 19. b4 a5 20. a3 axb4 21. axb4 Nh5 22. Nb3 Ng3 23. Rg1 Nxf1 24. Rgxf1 Bd7 25. Kb2 Be7 26. Ra1 Rf8 27. Rxa8 Qxa8 28. Ra1 Qb8 29. b5 c6 30. cxd6 Bxd6 31. dxc6 bxc6 32. Ba7 Qb7 33. Qxd6 Be8 34. Nc5 Qc8 35. b6 1-0


[Site "https://www.chess.com"]

[Event "Titled Tuesday Blitz August 15 Early 2023"]
[White "Molina, Roberto Junio Brito"]
[Black "Toncheva, Nadya"]
[WhiteFideId "2109450"]
[BlackFideId "2924056"]
[WhiteElo "2808"]
[BlackElo "2556"]
[Result "1/2-1/2"]
[Round "5"]
[TimeControl "180+1"]
[Date "2023.08.15"]
[WhiteClock "0:00:11"]
[BlackClock "0:00:07"]
[Board "51"]

1. d4 Nf6 2. c4 e6 3. Nf3 d5 4. Nc3 c5 5. cxd5 exd5 6. Bg5 Nc6 7. g3 Be7 8. Bg2 O-O 9. O-O Be6 10. dxc5 Bxc5 11. Rc1 Be7 12. Nd4 Qd7 13. Na4 h6 14. Bf4 Rac8 15. Nc5 Bxc5 16. Rxc5 Ne4 17. Nxe6 Qxe6 18. Rxd5 Nf6 19. Rd6 Qxa2 20. Qa1 Qxa1 21. Rxa1 Rfe8 22. Kf1 Ne4 23. Rd7 Nc5 24. Rd5 Ne6 25. Be3 a6 26. Rad1 Nc7 27. Rd7 Ne5 28. R7d4 Nb5 29. Rb4 Nc6 30. Rc4 Na5 31. Rxc8 Rxc8 32. Rc1 Nc4 33. Ke1 Nbd6 34. Bh3 Rc6 35. Bf4 g5 36. Bxd6 Nxd6 37. Rxc6 bxc6 38. Kd2 Kf8 39. Kd3 c5 40. e4 Ke7 41. e5 Nb5 42. Kc4 Nd4 43. Kxc5 Nf3 44. Kd5 Nxh2 45. Bg2 Ng4 46. Bf1 a5 47. Kc5 Nxf2 48. Kb5 Ng4 49. Kxa5 Nxe5 50. Kb6 Kd6 51. Ka6 Kc5 52. Ka5 Nc6+ 53. Ka4 f5 54. Bg2 Nb4 55. Bf1 h5 56. Be2 h4 57. gxh4 gxh4 58. Bf3 f4 59. Kb3 h3 60. Kc3 Nd5+ 61. Kd3 Nf6 62. Kc3 h2 63. b4+ Kb5 64. Kb3 Kb6 65. Kc4 Nh5 66. Kd4 Ng3 67. Ke5 h1=Q 68. Bxh1 Nxh1 69. Kxf4 Kb5 70. Ke3 Kxb4 1/2-1/2


[Site "https://www.chess.com"]

[Event "Titled Tuesday Blitz August 15 Early 2023"]
[White "Perdomo, Carlos Andres"]
[Black "Mekhitarian, Krikor Sevag"]
[WhiteFideId "4400852"]
[BlackFideId "2107660"]
[WhiteElo "2555"]
[BlackElo "2800"]
[Result "0-1"]
[Round "5"]
[TimeControl "180+1"]
[Date "2023.08.15"]
[WhiteClock "0:00:07"]
[BlackClock "0:00:08"]
[Board "52"]

1. Nf3 d5 2. d4 Nf6 3. c4 e6 4. Nc3 a6 5. cxd5 exd5 6. Bg5 Be6 7. e3 Nbd7 8. Bd3 Bd6 9. O-O c6 10. Qc2 h6 11. Bxf6 Nxf6 12. a3 Qc7 13. Bf5 Qc8 14. Bxe6 Qxe6 15. b4 O-O 16. Rab1 Rac8 17. Na4 Ne4 18. Nc5 Qe7 19. Nxe4 dxe4 20. Nd2 f5 21. g3 Qe6 22. Qc4 Kf7 23. Qxe6+ Kxe6 24. Rfc1 g5 25. a4 h5 26. b5 cxb5 27. axb5 Rxc1+ 28. Rxc1 axb5 29. Rb1 b4 30. Nc4 Be7 31. Nb6 Rd8 32. Kf1 h4 33. Ke2 h3 34. Kd2 Bd6 35. Kc2 f4 36. Kb3 fxg3 37. fxg3 Rf8 38. Rb2 g4 39. Nc4 Rf3 40. Re2 Bxg3 41. hxg3 Rxg3 42. Nd2 Rg2 43. Re1 Rxd2 44. Rg1 h2 0-1


[Site "https://www.chess.com"]

[Event "Titled Tuesday Blitz August 15 Early 2023"]
[White "Cherniaiev, Tykhon"]
[Black "D`Arruda, Ricardo D."]
[WhiteFideId "14182360"]
[BlackFideId "100692"]
[WhiteElo "2792"]
[BlackElo "2551"]
[Result "1-0"]
[Round "5"]
[TimeControl "180+1"]
[Date "2023.08.15"]
[WhiteClock "0:00:08"]
[BlackClock "0:00:10"]
[Board "53"]

1. Nf3 d5 2. d4 Nf6 3. c4 c6 4. e3 g6 5. Bd3 Bg7 6. Nbd2 O-O 7. O-O Nbd7 8. Re1 Qc7 9. e4 dxe4 10. Nxe4 Nxe4 11. Bxe4 Nf6 12. Bc2 Rd8 13. Be3 Bf5 14. Bxf5 gxf5 15. Qc2 e6 16. Rad1 Kh8 17. Bg5 Re8 18. Ne5 Ne4 19. Bf4 Qe7 20. f3 Nf6 21. Bg5 Qc7 22. Qd2 Rad8 23. Qf4 Qe7 24. Qh4 h6 25. Bxh6 Bxh6 26. Qxh6+ Nh7 27. d5 cxd5 28. cxd5 Kg8 29. dxe6 fxe6 30. Qg6+ Qg7 31. Rxd8 Qxg6 32. Nxg6 Rxd8 33. Nf4 Rd2 34. Re2 Rxe2 35. Nxe2 Kf7 36. Kf2 Nf6 37. Ke3 Nd5+ 38. Kd4 Kf6 39. f4 Nb4 40. a3 Nc2+ 41. Kc3 Ne1 42. g3 Nf3 43. h4 Nh2 44. Kd4 Nf1 45. Kc5 Ne3 46. Kd6 Nc4+ 47. Kc7 Nxb2 48. Kxb7 Nc4 49. a4 a5 50. Ka6 e5 51. Kb5 Na3+ 52. Kxa5 e4 53. Kb4 Nc2+ 54. Kc5 Ke7 55. a5 Kd7 56. a6 Kc7 57. h5 Ne3 58. h6 1-0


[Site "https://www.chess.com"]

[Event "Titled Tuesday Blitz August 15 Early 2023"]
[White "maksimys18"]
[Black "Yanchenko, Roman"]
[BlackFideId "4137329"]
[WhiteElo "2540"]
[BlackElo "2777"]
[Result "0-1"]
[Round "5"]
[TimeControl "180+1"]
[Date "2023.08.15"]
[WhiteClock "0:00:19"]
[BlackClock "0:00:11"]
[Board "54"]

1. d4 d5 2. Nf3 Nf6 3. c4 c6 4. Nc3 a6 5. a4 Bf5 6. Bg5 e6 7. e3 Nbd7 8. cxd5 exd5 9. Bd3 Bxd3 10. Qxd3 Bb4 11. O-O O-O 12. Ne5 Qa5 13. f4 Rae8 14. Rf3 Bxc3 15. bxc3 Nxe5 16. fxe5 Ne4 17. Bh4 Qxc3 18. Qd1 f6 19. Rc1 Qd2 20. exf6 Qxd1+ 21. Rxd1 Nxf6 22. Rb1 Re7 23. Bxf6 Rxf6 24. Rxf6 gxf6 25. Kf2 Kf7 26. a5 Ke6 27. Kf3 Kf5 28. g3 h5 29. Rb2 Kg5 30. h3 Rg7 31. Rb1 h4 32. gxh4+ Kxh4 33. Kf4 Kxh3 34. Kf5 Kg2 35. Kxf6 Rh7 36. Ke6 Kf3 37. Rb3 Ke2 38. Kd6 Kd2 39. Kc5 Kc2 40. Rb6 Kc3 41. Rb1 Re7 42. Rb6 Kd2 43. Rb2+ Kxe3 44. Rb3+ Kd2 45. Kd6 Kc2 46. Rb6 Rh7 47. Kc5 Kc3 48. Rb1 Kd3 49. Rb3+ Kc2 50. Rb6 Rg7 51. Rb4 Kc3 52. Rb1 Kd3 53. Rb3+ Ke4 54. Rb1 Kf5 55. Kd6 Rh7 56. Rb2 Kf4 57. Rb1 Ke4 58. Kc5 Kd3 59. Rb3+ Kd2 60. Rb2+ Ke3 61. Rb3+ Ke4 62. Rb1 Rh2 63. Re1+ Kd3 64. Rd1+ Rd2 65. Rb1 Rc2+ 66. Kb6 Kxd4 67. Kxb7 c5 68. Kxa6 Ra2 69. Kb5 c4 70. a6 c3 71. Rb4+ Kd3 72. Ra4 Rxa4 73. Kxa4 c2 74. a7 c1=Q 75. Kb5 Qa1 76. Kb6 d4 77. Kb5 Qxa7 78. Kb4 Qb7+ 79. Ka3 Kc3 80. Ka2 Qb2# 0-1


[Site "https://www.chess.com"]

[Event "Titled Tuesday Blitz August 15 Early 2023"]
[White "Rustemov, Alexander"]
[Black "Degenbaev, Aziz"]
[WhiteFideId "4119002"]
[BlackFideId "13802640"]
[WhiteElo "2776"]
[BlackElo "2535"]
[Result "0-1"]
[Round "5"]
[TimeControl "180+1"]
[Date "2023.08.15"]
[WhiteClock "0:00:09"]
[BlackClock "0:00:13"]
[Board "55"]

1. d4 Nf6 2. c4 g6 3. Nf3 Bg7 4. g3 c5 5. Bg2 cxd4 6. Nxd4 h5 7. h3 O-O 8. Nc3 Nc6 9. O-O d6 10. e3 Bd7 11. b3 a6 12. Bb2 Rb8 13. Rc1 Nxd4 14. exd4 b5 15. c5 dxc5 16. dxc5 Qc8 17. Kh2 Bc6 18. b4 a5 19. a3 axb4 20. axb4 Rd8 21. Qe2 Bxg2 22. Kxg2 Qc6+ 23. Qf3 Qxf3+ 24. Kxf3 Rd4 25. Ba3 Nd7 26. Ke2 Ne5 27. Rfd1 Rxd1 28. Rxd1 Nc4 29. Nb1 Ra8 30. Rd3 Ra6 31. Bc1 Ra2+ 32. Kf1 Rc2 33. Bd2 Rb2 34. Rd8+ Kh7 35. c6 Rxb1+ 36. Ke2 Be5 37. Bf4 Bxf4 38. gxf4 Rc1 39. c7 Nd6 40. Rd7 Nf5 41. Kd3 Kg7 42. Ke4 Kf6 43. Kd5 e6+ 44. Ke4 Ne7 45. Kd3 Nd5 46. Kd4 Rxc7 47. Rd8 Rc4+ 48. Kd3 Rxb4 49. Rb8 Rxf4 50. Ke2 Re4+ 51. Kf3 Rf4+ 52. Kg3 b4 53. h4 Rc4 54. f3 Rc3 55. Rb7 b3 56. Kf2 Rc2+ 57. Kg3 b2 58. Rb8 Nc3 59. Kf4 b1=Q 60. Rxb1 Nxb1 61. Kg3 Rc3 62. Kf4 Nd2 63. Kg3 Rxf3+ 64. Kg2 Rf4 65. Kg3 Rg4+ 66. Kh3 Ra4 67. Kg3 e5 68. Kh3 e4 69. Kg3 e3 70. Kg2 e2 71. Kf2 Re4 72. Ke1 Nf3+ 73. Kf2 e1=Q+ 74. Kg2 Qe2+ 75. Kg3 Rg4+ 76. Kh3 Qg2# 0-1


[Site "https://www.chess.com"]

[Event "Titled Tuesday Blitz August 15 Early 2023"]
[White "Wagner, Dennis"]
[Black "dr_tatiana"]
[WhiteFideId "24650684"]
[WhiteElo "2773"]
[BlackElo "2459"]
[Result "1-0"]
[Round "5"]
[TimeControl "180+1"]
[Date "2023.08.15"]
[WhiteClock "0:00:08"]
[BlackClock "0:00:06"]
[Board "56"]

1. e4 e5 2. Nf3 Nc6 3. Bc4 Bc5 4. d3 Nf6 5. O-O d6 6. Be3 Bb6 7. a4 O-O 8. h3 Ne7 9. Bg5 Ng6 10. a5 Bc5 11. Nh4 Nf4 12. Bxf4 exf4 13. Nf3 a6 14. d4 Ba7 15. Re1 d5 16. exd5 Nxd5 17. Qd2 c6 18. Bxd5 Qxd5 19. Qxf4 Bb8 20. Qh4 Bf5 21. c3 Qb5 22. b4 Bd6 23. Nbd2 Qd3 24. Re3 Qc2 25. Rae1 Bg6 26. Ne4 Bc7 27. Nc5 b6 28. axb6 Bxb6 29. Nd7 Bd8 30. Qg3 Bf6 31. Nxf8 Rxf8 32. Qd6 h6 33. Qxf8+ Kxf8 34. Re8# 1-0


[Site "https://www.chess.com"]

[Event "Titled Tuesday Blitz August 15 Early 2023"]
[White "Bueno, Alfeu Junior Varela"]
[Black "Schmakel, Sam"]
[WhiteFideId "2108879"]
[BlackFideId "2039311"]
[WhiteElo "2447"]
[BlackElo "2770"]
[Result "0-1"]
[Round "5"]
[TimeControl "180+1"]
[Date "2023.08.15"]
[WhiteClock "0:00:43"]
[BlackClock "0:00:16"]
[Board "57"]

1. e4 e5 2. Nc3 Nf6 3. f4 d5 4. fxe5 Nxe4 5. Qf3 Nc6 6. Bb5 Nxc3 7. dxc3 Qh4+ 8. g3 Qe4+ 9. Qxe4 dxe4 10. Bxc6+ bxc6 11. Be3 h5 12. h3 a5 13. Ne2 a4 14. O-O-O Ra5 15. Bf4 Be7 16. h4 Bg4 17. Rhe1 Bc5 18. Rd2 Bf2 19. Bg5 O-O 20. Red1 e3 21. Rd8 f6 22. exf6 Bxe2 23. Rxf8+ Kxf8 24. Rd7 gxf6 25. Bh6+ Ke8 26. Rxc7 Rd5 0-1


[Site "https://www.chess.com"]

[Event "Titled Tuesday Blitz August 15 Early 2023"]
[White "Petkov, Momchil"]
[Black "Chyngyz, Sultai"]
[WhiteFideId "2921642"]
[BlackFideId "13803158"]
[WhiteElo "2768"]
[BlackElo "2434"]
[Result "1-0"]
[Round "5"]
[TimeControl "180+1"]
[Date "2023.08.15"]
[WhiteClock "0:00:21"]
[BlackClock "0:00:27"]
[Board "58"]

1. d4 Nf6 2. Nf3 e6 3. Bf4 c5 4. e3 d5 5. c3 Nc6 6. Nbd2 Be7 7. Ne5 O-O 8. Bd3 h6 9. O-O Bd6 10. Bg3 Qc7 11. f4 cxd4 12. exd4 a6 13. Bh4 Nd7 14. Qh5 b5 15. a3 Ne7 16. Rf3 f6 17. Rg3 Nxe5 18. fxe5 fxe5 19. dxe5 Bc5+ 20. Kh1 Nf5 21. Bxf5 Rxf5 22. Qxh6 Qxe5 23. Qg6 Bd7 24. Nf3 Rxf3 25. Rxf3 Be8 26. Qg5 Qxg5 27. Bxg5 Bg6 28. Bf4 Be4 29. Rff1 Rf8 30. Be5 Bf5 31. h3 Be4 32. Rxf8+ Kxf8 33. Rf1+ Bf5 34. g4 g6 35. Kg2 Ke7 36. gxf5 exf5 37. Re1 Kf7 38. Bd4 Bd6 39. Be5 Bc5 40. b4 Be7 41. Bd4 Bh4 42. Ra1 g5 43. a4 f4 44. axb5 axb5 45. Ra5 Kg6 46. Rxb5 Kf5 47. Kf3 Ke6 48. Rb6+ Kf5 49. Rf6# 1-0


[Site "https://www.chess.com"]

[Event "Titled Tuesday Blitz August 15 Early 2023"]
[White "Srihari L R"]
[Black "Smiechu"]
[WhiteFideId "46617116"]
[WhiteElo "2765"]
[BlackElo "2401"]
[Result "1-0"]
[Round "5"]
[TimeControl "180+1"]
[Date "2023.08.15"]
[WhiteClock "0:00:05"]
[BlackClock "0:00:02"]
[Board "59"]

1. c4 Nf6 2. Nf3 c5 3. b3 g6 4. Bb2 Bg7 5. g3 O-O 6. Bg2 Nc6 7. O-O d6 8. Nc3 e5 9. d3 a6 10. e3 Rb8 11. d4 Bg4 12. d5 Ne7 13. h3 Bd7 14. e4 Nh5 15. a4 f5 16. exf5 gxf5 17. Nxe5 Bxe5 18. Qxh5 f4 19. gxf4 Rxf4 20. Ne2 Rf5 21. Qg4+ Ng6 22. Bxe5 Rxe5 23. Qf3 Qh4 24. Rae1 Rbe8 25. Qd3 Bf5 26. Qd2 Bxh3 27. Ng3 Bxg2 28. Kxg2 Nf4+ 29. Kg1 Nh3+ 30. Kg2 Nxf2 31. Qxf2 Rxe1 32. Rxe1 Rf8 33. Qe3 Kh8 34. Qe7 Qf4 35. Rf1 Qd2+ 36. Qe2 Qxe2+ 37. Nxe2 Re8 38. Kf2 Rf8+ 39. Ke1 Re8 40. Rf6 Rd8 41. Nf4 Kg8 42. Ne6 Re8 43. Kf2 b5 44. axb5 axb5 45. Nc7 Rb8 46. Nxb5 Kg7 47. Rxd6 1-0


[Site "https://www.chess.com"]

[Event "Titled Tuesday Blitz August 15 Early 2023"]
[White "Hambleton, Aman"]
[Black "slimshady"]
[WhiteFideId "2606577"]
[WhiteElo "2763"]
[BlackElo "2298"]
[Result "1-0"]
[Round "5"]
[TimeControl "180+1"]
[Date "2023.08.15"]
[WhiteClock "0:00:06"]
[BlackClock "0:01:29"]
[Board "60"]

1. d4 Nf6 2. c4 e6 3. Nc3 d5 4. cxd5 exd5 5. Bg5 Bb4 6. e3 O-O 7. Bd3 h6 8. Bh4 Be6 9. Ne2 Nbd7 10. a3 Be7 11. O-O c5 12. dxc5 Nxc5 13. Bc2 Nce4 14. Rc1 Rc8 15. Bxe4 dxe4 16. Qxd8 Rfxd8 17. Nd4 Bc4 18. Rfd1 g5 19. Nf5 Bf8 20. Bg3 Bd3 21. h4 Nh5 22. hxg5 hxg5 23. Bh2 Ng7 24. Ng3 f5 25. Nge2 Bd6 26. Bxd6 Rxd6 27. Nd4 Rh6 28. f3 Kf7 29. fxe4 fxe4 30. Nd5 Rch8 31. Rc7+ Kg6 32. Rdc1 Rh1+ 33. Kf2 Rf8+ 34. Nf4+ gxf4 35. Rxh1 fxe3+ 36. Kxe3 Rf7 37. Rxf7 Kxf7 38. g4 Kg6 39. Rc1 Kg5 40. Rc7 Ne8 41. Rxb7 Nf6 42. Rxa7 Nxg4+ 43. Kd2 Kf4 44. Rf7+ Ke5 45. Nc2 Bc4 46. Re7+ Kf4 47. Re8 Ne5 48. Rxe5 Kxe5 49. Ne3 Ba6 50. Kc3 Kf4 51. Kd4 Kf3 52. a4 Ke2 53. b4 Kd2 54. b5 Bb7 55. a5 Ke2 56. a6 Bc8 57. Nc4 Kf3 58. Kc5 e3 59. Nxe3 Kxe3 60. Kd6 Kd4 61. Kc7 Bg4 62. b6 Be2 63. a7 Bf3 64. b7 Bxb7 65. Kxb7 1-0


[Site "https://www.chess.com"]

[Event "Titled Tuesday Blitz August 15 Early 2023"]
[White "Badmatsyrenov, Oleg"]
[Black "EvgenyBurmakin"]
[WhiteFideId "24115762"]
[WhiteElo "2750"]
[BlackElo "2273"]
[Result "1-0"]
[Round "5"]
[TimeControl "180+1"]
[Date "2023.08.15"]
[WhiteClock "0:00:12"]
[BlackClock "0:00:00"]
[Board "61"]

1. e4 c5 2. Nf3 d6 3. d4 cxd4 4. Nxd4 Nf6 5. Nc3 a6 6. f4 e6 7. g4 Qc7 8. g5 Nfd7 9. Be3 b5 10. Bg2 Bb7 11. O-O Be7 12. f5 e5 13. Nde2 f6 14. h4 b4 15. Nd5 Bxd5 16. Qxd5 Qc6 17. Qb3 a5 18. a3 Na6 19. axb4 Nxb4 20. Nc3 Nc5 21. Bxc5 Qxc5+ 22. Kh1 d5 23. exd5 Bd6 24. Ne4 Qc7 25. gxf6 O-O 26. fxg7 Kxg7 27. c4 Kh8 28. c5 Bxc5 29. Rac1 Na6 30. Nxc5 Nxc5 31. Qe3 Rac8 32. f6 Qd6 33. Qg5 Rc7 34. Rc3 Rcf7 35. h5 e4 36. h6 Nd7 37. Rc6 Qe5 38. Qxe5 Nxe5 39. Re6 Ng4 40. Bxe4 Ne3 41. Rf4 Nc4 42. d6 Nxb2 43. Re7 a4 44. d7 a3 45. Rxf7 1-0


[Site "https://www.chess.com"]

[Event "Titled Tuesday Blitz August 15 Early 2023"]
[White "Grischuk, Alexander"]
[Black "Mendez Fortes, Eduardo Jesus"]
[WhiteFideId "4126025"]
[BlackFideId "3502376"]
[WhiteElo "3037"]
[BlackElo "2611"]
[Result "1-0"]
[Round "5"]
[TimeControl "180+1"]
[Date "2023.08.15"]
[WhiteClock "0:00:05"]
[BlackClock "0:00:08"]
[Board "62"]

1. Nf3 d5 2. g3 Nf6 3. Bg2 e6 4. O-O Be7 5. c4 dxc4 6. Na3 Bxa3 7. bxa3 Nbd7 8. Bb2 Nb6 9. Ne5 O-O 10. Rc1 c6 11. Nxc4 Nxc4 12. Rxc4 Qe7 13. f4 Nd7 14. Qc2 Nb6 15. Rc5 Bd7 16. Rh5 g6 17. Ra5 f6 18. h4 Rfd8 19. g4 Be8 20. g5 Nd5 21. e4 Qc7 22. Rxd5 exd5 23. exd5 Qb6+ 24. Kh2 cxd5 25. Bxf6 Rd7 26. Qd3 Bf7 27. Bd4 Qd6 28. Be5 Qc5 29. Qh3 Re7 30. d4 Qc4 31. f5 Qxa2 32. Qf3 Qc2 33. fxg6 Qxg6 34. Qg3 Be6 35. Rf6 Qc2 36. g6 hxg6 37. Rxg6+ Kf7 38. Rf6+ Ke8 39. Bd6 Qh7 40. Bxe7 Qxe7 41. Qg6+ Kd7 42. Rxe6 Qxe6 43. Bh3 1-0


[Site "https://www.chess.com"]

[Event "Titled Tuesday Blitz August 15 Early 2023"]
[White "Andreikin, Dmitry"]
[Black "Belov, Alexei"]
[WhiteFideId "4158814"]
[BlackFideId "4128206"]
[WhiteElo "2989"]
[BlackElo "2610"]
[Result "1-0"]
[Round "5"]
[TimeControl "180+1"]
[Date "2023.08.15"]
[WhiteClock "0:01:10"]
[BlackClock "0:00:32"]
[Board "63"]

1. d4 d5 2. Nf3 e6 3. c4 Nf6 4. Nc3 Be7 5. e3 O-O 6. a3 Nbd7 7. b4 dxc4 8. Bxc4 b6 9. O-O Bb7 10. Qe2 c5 11. dxc5 bxc5 12. b5 Nb6 13. Rd1 Qc7 14. Bd3 c4 15. Bc2 Rfd8 16. Bb2 Qc5 17. a4 a5 18. Ba3 Qc7 19. Bxe7 Qxe7 20. e4 e5 21. Qe3 Qe6 22. Ng5 Rxd1+ 23. Rxd1 Ng4 24. Qc5 Rc8 25. Nxe6 1-0


[Site "https://www.chess.com"]

[Event "Titled Tuesday Blitz August 15 Early 2023"]
[White "Kramnik, Vladimir"]
[Black "Pert, Richard G"]
[WhiteFideId "4101588"]
[BlackFideId "404748"]
[WhiteElo "2986"]
[BlackElo "2601"]
[Result "0-1"]
[Round "5"]
[TimeControl "180+1"]
[Date "2023.08.15"]
[WhiteClock "0:00:00"]
[BlackClock "0:00:33"]
[Board "64"]

1. c4 e6 2. Nc3 d5 3. d4 c5 4. cxd5 cxd4 5. Qa4+ Bd7 6. Qxd4 exd5 7. Qxd5 Nf6 8. Qd1 Nc6 9. Nf3 Bc5 10. e3 Qe7 11. Be2 O-O-O 12. Bd2 Kb8 13. Rc1 g5 14. O-O g4 15. Nd4 h5 16. Na4 Bd6 17. Nb5 Be5 18. Nc5 Bc8 19. Qc2 h4 20. f4 Bd6 21. Nxd6 Rxd6 22. Bb5 g3 23. Bxc6 gxh2+ 24. Kh1 Rxc6 25. Bb4 Qxe3 26. Na6+ bxa6 27. Qxc6 Bb7 28. Qd6+ Ka8 29. Qxf6 Bxg2+ 30. Kxg2 h3+ 31. Kxh2 Qe2+ 0-1


[Site "https://www.chess.com"]

[Event "Titled Tuesday Blitz August 15 Early 2023"]
[White "gmbenjaminbok"]
[Black "Milosevic, Milos"]
[BlackFideId "964875"]
[WhiteElo "2943"]
[BlackElo "2592"]
[Result "1/2-1/2"]
[Round "5"]
[TimeControl "180+1"]
[Date "2023.08.15"]
[WhiteClock "0:00:05"]
[BlackClock "0:00:10"]
[Board "65"]

1. d4 Nf6 2. c4 e6 3. Nc3 Bb4 4. Qc2 O-O 5. a3 Bxc3+ 6. Qxc3 b6 7. Bg5 Ba6 8. Qf3 Nc6 9. Bxf6 Qxf6 10. Qxf6 gxf6 11. e3 Na5 12. Rc1 c5 13. b4 cxb4 14. axb4 Nxc4 15. Bxc4 Rac8 16. Bxa6 Rxc1+ 17. Ke2 Ra1 18. b5 d5 19. Kf3 Rd8 20. g3 Rd7 21. Kg2 Rc7 22. Nf3 Ra2 23. Rf1 Kf8 24. Ng1 Rcc2 25. Nh3 Ke7 26. g4 e5 27. Kg3 Rd2 28. dxe5 fxe5 29. Ng5 d4 30. Nf3 Re2 31. exd4 e4 32. Ne5 e3 33. fxe3 Rxe3+ 34. Kf4 Rh3 35. Rc1 f6 36. Nc6+ Kd6 37. Nxa7 Rf2+ 38. Ke4 Re2+ 39. Kf4 Rf2+ 40. Ke4 Re2+ 41. Kf5 Rf2+ 42. Ke4 1/2-1/2


[Site "https://www.chess.com"]